 Dungeon Crawl Stone Soup version 0.16-a0-3911-g06eb01e (webtiles) character file.

84 Minkie the Poker (level 4, -4/33 HPs)
             Began as a Merfolk Skald on Feb 3, 2015.
             Slain by a sky beast (6 damage)
             ... on level 4 of the Dungeon.
             The game lasted 00:09:54 (3332 turns).

Minkie the Poker (Merfolk Skald)                    Turns: 3332, Time: 00:09:55

Health: -4/33      AC:  3    Str: 12    XL:     4   Next: 46%
Magic:  4/7        EV: 11    Int: 12    God:
Gold:   131        SH:  0    Dex: 13    Spells: 3 memorised, 0 levels left

rFire  . . .     SeeInvis .     a - +0 spear
rCold  . . .     Clarity  .     b - +0 leather armour
rNeg   . . .     SustAb   .     (no shield)
rPois  .         Gourm    +     (no helmet)
rElec  .         Spirit   .     (no cloak)
rCorr  .         Warding  .     (no gloves)
rMut   .         Stasis   .     (no boots)
MR     .....                    g - amulet of the gourmand
Stlth  +.........               (no ring)
                                (no ring)

@: lethally poisoned (-4 -> -5), not resistant to hostile enchantments, very
unstealthy
A: change form in water, swift swim
a: no special abilities


You were on level 4 of the Dungeon.
You were not hungry.

You visited 1 branch of the dungeon, and saw 4 of its levels.

You collected 131 gold pieces.

Inventory:

Hand weapons
 a - a +0 spear (weapon)
Armour
 b - a +0 leather armour (worn)
Magical staves
 s - an uncursed staff of air
Jewellery
 g - an amulet of the gourmand (around neck)
 u - an uncursed amulet of regeneration {unknown}
 w - an uncursed ring of flight {unknown}
Scrolls
 j - 3 scrolls of remove curse {unknown}
 k - 2 scrolls of enchant armour {unknown}
 m - a scroll of immolation {unknown}
 n - a scroll of enchant weapon {unknown}
 q - a scroll of teleportation {unknown}
 v - 2 scrolls of identify {unknown}
Potions
 e - 5 potions of curing {unknown}
 f - a potion of restore abilities {unknown}
 h - 2 potions of invisibility {unknown}
 l - 3 potions of mutation {unknown}
 o - a potion of might {unknown}
 p - a potion of magic {unknown}
 r - 2 potions of cancellation {unknown}
Books
 c - a book of Battle

   Spells                             Type                      Level
   a - Infusion                       Charms                       1
   b - Shroud of Golubria             Charms/Translocation         2
   c - Song of Slaying                Charms                       2
   d - Spectral Weapon                Hexes/Charms                 3
   e - Regeneration                   Charms/Necromancy            3
Comestibles
 d - 4 bread rations
 i - 2 slices of pizza
 t - a beef jerky
 x - a meat ration


   Skills:
 - Level 2.1 Fighting
 * Level 6.1 Polearms
 - Level 0.6 Armour
 - Level 1.3 Dodging
 - Level 2.0 Spellcasting
 + Level 0.4 Hexes
 + Level 3.5 Charms
 + Level 0.2 Necromancy


You couldn't memorise any spells.
You knew the following spells:

 Your Spells              Type           Power        Failure   Level  Hunger
a - Infusion              Chrm           #.....       10%         1    ##.....
b - Spectral Weapon       Hex/Chrm       #.......     58%         3    ####...
c - Regeneration          Chrm/Necr      #.........   58%         3    ####...


Dungeon Overview and Level Annotations

Branches:
Dungeon (4/15)
 Temple: D:4-7

Altars:
Dithmenos
Nemelex Xobeh
Qazlal

Annotations:
D:3 Guenter's ghost, average KoAK


Message History

Your spectral weapon barely misses the sky beast.
The sky beast flickers out of sight!
Deactivating autopickup; reactivate with Ctrl-A.
Something hits you but does no damage.
No target in view!
No target in view!
No target in view!
You miss something.
A sky beast appears from thin air!
Reactivating autopickup.
The sky beast hits you.
* * * LOW HITPOINT WARNING * * *
The sky beast shocks you.
* * * LOW HITPOINT WARNING * * *
You hit the sky beast.
The sky beast is moderately wounded.
Your spectral weapon hits the sky beast from afar.
The sky beast hits you.
* * * LOW HITPOINT WARNING * * *
The sky beast shocks you.
You die...

### ..#
..#
##..#
...$#
#...#
##Y..#
+.@..+
#.$(.#
#.[..#
#....#
#....#
......
###<.##
..# .


You could see a sky beast and a friendly spectral spear.

Vanquished Creatures
  2 adders
  A worm (D:3)
  2 giant geckos
  A ball python (D:1)
  9 bats
  3 giant cockroaches
  8 hobgoblins
  6 jackals (D:2)
  4 kobolds
  3 giant newts
  8 goblins
  8 rats
55 creatures vanquished.

Notes
Turn   | Place    | Note
--------------------------------------------------------------
     0 | D:1      | Minkie, the Merfolk Skald, began the quest for the Orb.
     0 | D:1      | Reached XP level 1. HP: 16/16 MP: 3/3
   189 | D:1      | Reached skill level 4 in Polearms
   189 | D:1      | Reached XP level 2. HP: 19/22 MP: 4/4
  1039 | D:1      | Reached XP level 3. HP: 17/27 MP: 6/6
  1160 | D:1      | Reached skill level 5 in Polearms
  1459 | D:2      | Found a sparkling altar of Nemelex Xobeh.
  2204 | D:2      | Found a shadowy altar of Dithmenos.
  2266 | D:2      | Learned a level 3 spell: Spectral Weapon
  2460 | D:2      | Reached skill level 6 in Polearms
  2460 | D:2      | Reached XP level 4. HP: 31/33 MP: 7/7
  2501 | D:2      | Learned a level 3 spell: Regeneration
  2546 | D:2      | Found a stormy altar of Qazlal.
  3291 | D:3      | Noticed Guenter's ghost (average KoAK)
  3322 | D:4      | Noticed a sky beast
  3332 | D:4      | Slain by a sky beast

Action                   |  1- 3 |  4- 6 || total
-------------------------+-------+-------++-------
Melee: Spear             |   195 |    46 ||   241
 Cast: Spectral Weapon   |       |     1 ||     1
  Eat: Chunk             |     5 |     5 ||    10
